cohdb
Replays
Latest Replays
All Replays
Popular Replays
Top Player Replays
Match Explorer
How It Works
Community
CoH3 Stats
Reddit
Sign in to upload your games and track your stats! →
Sign in with Steam
Match 44033414
Unlisted
Match 44033414
Overview
Messages
Build Orders
End
Royal Engineer Section
Vickers Machine Gun Team
Construct Section Command Post
Dingo Light Scout Car
Selects Canadian Shock Battlegroup
Selects Attacking Spirit
Selects Canadian Shock Section
Canadian Shock Section
Construct Platoon Command Post
Humber Armored Car
Canadian Shock Section
Selects Incendiary Munitions
6-pounder Anti-tank Gun Team
Infantry Training
ML 3-inch Mortar Team
Construct Company Command Post
Foot Guards Section
Selects Pyrotechnics
Crusader II Medium Tank
Crusader II Medium Tank
Foot Guards Section
AI Takeover
De_znutz
TiGER01
Nukepapa
General Kenobi
0
0
Comments
sign in to comment!
No comments posted yet!